Map: Ephemeron LE

Players

Lambo

  • Race: Zerg Zerg
  • Spawn Location: 5:00

HateMe - Winner!

  • Race: Zerg Zerg
  • Spawn Location: 11:00

Event: IEM Katowice 2020

VOD

Have the link to the VOD?

Description

Time

  • Played on: Feb. 25, 2020, 8:51 a.m.
  • Length: 4:24

All games in this series

Show
View Real Time Build Order
Export as new Build Order

Lambo Zerg 

Build Orders: Hatch First 

Get SALT Encoding   

  12  0:00  Drone  
  13  0:12  Overlord  
  13  0:16  Drone  
  14  0:30  Drone x2  
  16  0:47  Hatchery  
  15  0:51  Drone  
  15  0:55  Drone  
  17  1:08  Spawning Pool  
  17  1:10  Extractor  
  15  1:13  Drone  
  15  1:16  Drone  
  17  1:20  Drone  
  18  1:28  Drone  
  19  1:38  Drone  
  20  1:48  Overlord  
  20  1:55  Queen  
  20  1:59  Queen  
  20  2:00  Zergling x2, Drone  
  26  2:09  Metabolic Boost  
  26  2:10  Drone  
  26  2:13  Drone  
  28  2:21  Drone x2  
  30  2:35  Hatchery  
  29  2:39  Zergling x2  
  29  2:40  Zergling x2  
  29  2:43  Drone  
  32  2:48  Overlord  
  32  2:54  Drone  
  32  2:55  Evolution Chamber  
  32  2:57  Drone  
  33  3:03  Drone  
  33  3:05  Drone x2  
  36  3:09  Drone x2  
  38  3:15  Overlord  
  38  3:16  Drone  
  39  3:26  Evolution Chamber  
  37  3:27  Evolution Chamber  
  37  3:29  Zergling x4  
  37  3:32  Evolution Chamber  
  37  3:35  Zergling x4, Evolution Chamber  
  37  3:37  Zergling x2  
  37  3:39  Zergling x2  
  37  3:40  Zergling x4  
  40  3:44  Zergling x2  
  42  3:48  Zergling x6  
  42  3:52  Zergling x2  
Show
View Real Time Build Order
Export as new Build Order

HateMe Zerg - Winner!

Build Orders: Hatch First 

Get SALT Encoding   

  12  0:00  Drone  
  13  0:12  Overlord  
  13  0:17  Drone  
  14  0:30  Drone x2  
  16  0:48  Hatchery  
  15  0:51  Extractor  
  14  1:05  Spawning Pool  
  14  1:08  Drone  
  14  1:13  Drone  
  14  1:17  Drone  
  16  1:23  Drone  
  17  1:32  Overlord  
  17  1:52  Queen  
  17  1:53  Metabolic Boost  
  19  2:00  Queen  
  21  2:04  Zergling x2  
  22  2:12  Zergling x2  
  22  2:15  Zergling x4  
  25  2:19  Zergling x2  
  26  2:24  Zergling x2  
  27  2:30  Zergling x2  
  27  2:33  Zergling x2  
  29  2:40  Zergling x2  
  30  2:46  Overlord  
  30  2:53  Zergling x2  
  30  2:54  Zergling x2, Evolution Chamber  
  31  3:00  Zergling x6  
  31  3:05  Zergling x2  
  35  3:11  Zergling x6  
  38  3:15  Zergling x2  
  40  3:20  Zergling x2  
  40  3:23  Zergling x2  
  41  3:31  Zergling x6  
  41  3:33  Zergling x2  
  43  3:43  Zergling x4  
  43  3:47  Zergling x2  
  43  3:57  Zergling x2  
  43  3:58  Zergling x2  
  43  4:00  Zergling x4  
  42  4:03  Zergling x4  
  42  4:04  Zergling x2  

Tags
 
Add a new tag
Caveats
  • Supply blocks, unpowered buildings, or Contaminate may cause inaccurate times.
  • Supply counts are checked every 10 seconds.